AoeStats
← owengold23

Arabia

507965741Analyzed
1v1 RM · 13d ago on Sep 20, 2026· 60m 39s· 2 players
Game mode
Random Map
Map size
Tiny (2 player)
Population
200
Speed
Normal
Resources
Standard
Victory
Conquest
Starting age
Dark Age
Ending age
Imperial Age
RankedLock teamsTeams togetherTeam positionsShared explorationLock speedFull tech treeHidden civsTurbo modeCheats
Victory
Defeat
🇦🇺 Shu · Australia
1621
+19
🇩🇪 Italians · Germany
1680
-19
owengold23
5:42 Loom
8:17 Feudal Age
9:02 Double-Bit Axe
10:19 Horse Collar
12:25 Fletching
17:50 Wheelbarrow
22:09 Castle Age
20:46 Padded Archer Armor
21:50 Gold Mining
22:03 Town Watch
22:11 Elite Skirmisher
22:47 Bodkin Arrow
23:05 Bow Saw
23:17 Leather Archer Armor
25:17 Hand Cart
25:51 Pikeman
27:07 Scale Mail Armor
35:50 Imperial Age
35:15 Crossbowman
36:02 Thumb Ring
37:06 Gold Shaft Mining
36:57 Bracer
36:35 Arbalester
38:59 Two-Man Saw
39:13 Chemistry
39:08 Ballistics
39:58 Heavy Plow
40:47 Ring Archer Armor
43:20 Scale Barding Armor
43:25 Forging
43:54 Masonry
43:59 Husbandry
43:20 Light Cavalry
45:05 Siege Engineers
46:02 Chain Barding Armor
45:07 Heavy Hei Guang Cavalry
45:59 Stone Mining
46:58 Architecture
47:05 Hoardings
46:51 Conscription
47:20 Plate Barding Armor
Sir Alexander der Kunze
8:57 Feudal Age
9:31 Double-Bit Axe
11:45 Fletching
11:50 Loom
17:19 Horse Collar
21:47 Castle Age
20:07 Gold Mining
21:57 Padded Archer Armor
21:55 Crossbowman
22:32 Bodkin Arrow
24:02 Ballistics
34:27 Bow Saw
35:19 Wheelbarrow
37:29 Imperial Age
36:26 Hand Cart
37:14 Thumb Ring
37:50 Squires
39:16 Chemistry
39:35 Scale Mail Armor
39:36 Bracer
39:41 Arbalester
40:50 Leather Archer Armor
42:46 Heavy Plow
42:33 Town Watch
46:13 Ring Archer Armor
45:59 Chain Mail Armor
46:06 Capped Ram
48:43 Pirotechnia
52:25 Plate Mail Armor
52:05 Forging
Connection lost

Rejoining the realm…

Still unreachable

The connection could not be restored.

Session expired

The server has moved on; the page needs a fresh start.